 Dungeon Crawl Stone Soup version 0.30-b1-2-g02819fbbbe (webtiles) character file.

Game seed: 13628070706565504008

60 Barriton the Conjurer (level 3, 0/26 HPs)
             Began as a Draconian Conjurer on May 15, 2023.
             Slain by Natasha (6 damage)
             ... on level 2 of the Dungeon.
             The game lasted 00:01:53 (1407 turns).

Barriton the Conjurer (Draconian Conjurer)          Turns: 1407, Time: 00:01:54

Health: 0/26       AC:  5    Str:  9    XL:     3   Next: 82%
Magic:  0/6        EV: 12    Int: 20    God:
Gold:   55         SH:  0    Dex:  9    Spells: 4/7 levels left

rFire   . . .        (no weapon)
rCold   . . .        (no shield)
rNeg    . . .        (body armour unavailable)
rPois   .            (helmet restricted)
rElec   .            (no cloak)
rCorr   .            (no gloves)
SInv    .            (no boots)
Will    .....        (no amulet)
Stlth   ++           (no ring)
HPRegen 0.24/turn    (no ring)
MPRegen 0.10/turn

%: no passive effects
@: slowed, very slow
A: AC +5, unfitting armour, cold-blooded
a: no special abilities


You were on level 2 of the Dungeon.
You visited 1 branch of the dungeon, and saw 2 of its levels.

You collected 55 gold pieces.

Inventory:

Jewellery
 c - a ring of poison resistance
Scrolls
 b - 2 scrolls of identify
 d - 2 scrolls of enchant armour
Potions
 e - 2 potions of heal wounds
 f - a potion of berserk rage {unknown}
 g - 2 potions of flight {unknown}
 h - a potion of brilliance {unknown}


   Skills:
 + Level 1.9 Dodging
 + Level 1.9 Stealth
 + Level 0.1 Unarmed Combat
 + Level 2.5 Spellcasting
 + Level 5.0 Conjurations


You had 4 spell levels left.
You knew the following spells:

 Your Spells              Type           Power      Damage    Failure   Level
a - Magic Dart            Conj           88%        1d7       1%          1
b - Searing Ray           Conj           44%        2d6       2%          2

Your spell library contained the following spells:

 Spells                   Type           Power      Damage    Failure   Level
 Dazzling Flash           Conj/Hex       24%        N/A       16%         3
 Fulminant Prism          Conj/Hex       6%         3d7       47%         4
 Iskenderun's Mystic Bla  Conj/Tloc      12%        2d5       47%         4


Dungeon Overview and Level Annotations

Branches:
Dungeon (2/15)

Altars:

Annotations:
D:2 Natasha


Innate Abilities, Weirdness & Mutations

Your plain brown scales are hard. (AC +5)
You cannot fit into any form of body armour.
You are cold-blooded and may be slowed by cold attacks.


Message History

Natasha is heavily wounded.
Natasha barely misses you.
You barely miss Natasha.
Natasha is heavily wounded.
Natasha misses you. Natasha closely misses you.
You closely miss Natasha.
Natasha is heavily wounded.
Natasha barely misses you.
You hit Natasha.
Natasha is severely wounded.
Natasha claws you but does no damage.
Natasha mumbles some strange words.
You hit Natasha but do no damage.
Natasha is severely wounded.
Natasha claws you but does no damage.
The cerulean imp hits you with a +3 spear.
Casting: Magic Dart (safe; 1% risk of failure)
Confirm with . or Enter, or press ? or * to list all spells.
Aiming: Magic Dart (safe; 1% risk of failure)
Press: ? - help, Shift-Dir - straight line, f/p - Natasha
Aim: Natasha (severely wounded, 100% to hit)
The magic dart hits Natasha but does no damage.
Natasha is severely wounded.
Natasha claws you.
The cerulean imp hits you with a +3 spear.
The cerulean imp closely misses you. Natasha claws you.
* * * LOW HITPOINT WARNING * * *
Casting: Magic Dart (safe; 1% risk of failure)
Confirm with . or Enter, or press ? or * to list all spells.
Aiming: Magic Dart (safe; 1% risk of failure)
Press: ? - help, Shift-Dir - straight line, f/p - Natasha
Aim: Natasha (severely wounded, 100% to hit)
The magic dart hits Natasha.
Natasha is almost dead.
Natasha closely misses you. The cerulean imp completely misses you.
Unknown command.
You hit Natasha.
Natasha is almost dead.
Natasha claws you.
You die...

. .. ... ..B. .!...
#######......
..#####h@†..†...... .
.......5####....... .##
#.#........###....... ..#
....######......##..# #.#
#.........####.... ## #.#
#.........# .#.. #.#
#.........# .##.#####.###
#.........# #.#..........#
#.........###.####+####<...


You could see Natasha and a cerulean imp (summoned).

Vanquished Creatures
  Natasha (D:2)
  An adder (D:2)
  7 ball pythons (D:1)
  A bat (D:2)
  A giant cockroach (D:2)
  2 goblins (D:1)
  2 hobgoblins (D:1)
  2 jackals (D:1)
  3 kobolds
  2 quokkas (D:1)
  3 rats
25 creatures vanquished.

Notes
Turn   | Place    | Note
-------+----------+-------------------------------------------
     0 | D:1      | Barriton the Draconian Conjurer began the quest for the
                  | Orb.
     0 | D:1      | Reached XP level 1. HP: 14/14 MP: 3/3
   132 | D:1      | Found a faded altar of an unknown god.
   274 | D:1      | Reached XP level 2. HP: 20/20 MP: 1/5
   380 | D:1      | Learned a level 2 spell: Searing Ray
   911 | D:1      | You fall into a shaft and drop 1 floor!
  1148 | D:2      | Reached XP level 3. HP: 14/26 MP: 0/6
  1301 | D:2      | Noticed Natasha
  1318 | D:2      | Killed Natasha
  1319 | D:2      | Reached skill level 5 in Conjurations
  1335 | D:2      | Noticed Natasha
  1407 | D:2      | Slain by Natasha

Illustrated notes

Levels and vault maps discovered:
D:1:      tarquinn_simple_flora_water_f, layout_loops_ring,
          ebering_ecumenical_altar_sacrificial, serial_aquarium,
          aquarium_bridge_island_small [aquarium_subvault_small_open,
          aquarium_subvault_wall, aquarium_subvault_bridge,
          aquarium_subvault_window, aquarium_subvault_window],
          aquarium_window_3, aquarium_window_2, aquarium_window_2,
          aquarium_window_1, aquarium_view_2e, aquarium_view_2d, aquarium_pool_1
D:2:      layout_rooms, kennysheep_generic_room_10, uniq_jessica, uniq_natasha

Skill      XL: |  1  2  3 |
---------------+----------+-----
Conjurations   | 5 |  5.0
Dodging        | |  1.9
Stealth        | |  1.9
Unarmed Combat | |  0.1
Spellcasting   | |  2.5

Action                     || total
---------------------------++-------
  Melee: Unarmed           ||    36
         Tailslap          ||     1
   Cast: Magic Dart        ||    48
         Searing Ray       ||     3
    Use: Scroll            ||     4
         Potion            ||     2
 Armour: Skin              ||    11
  Dodge: Dodged            ||    38
